 Dungeon Crawl Stone Soup version 0.21.0-3-g78d12a8 (webtiles) character file.

200 HungrySpirit the Vexing (level 5, 0/27 HPs)
             Began as a Vine Stalker Arcane Marksman on Jan 8, 2018.
             Killed by divine providence
             ... invoked by an orc priest
              (5 damage)
             ... on level 3 of the Dungeon.
             The game lasted 00:03:32 (2474 turns).

HungrySpirit the Vexing (VSAM)                      Turns: 2474, Time: 00:03:32

Health: 0/27       AC:  3    Str: 13    XL:     5   Next: 78%
Magic:  0/7        EV: 13    Int: 13    God:
Gold:   172        SH:  0    Dex: 15    Spells: 5/6 levels left

rFire    . . .     SeeInvis .   j - +0 dagger
rCold    . . .     Gourm    .   (no shield)
rNeg     . . .     Faith    .   e - +0 robe
rPois    .         Spirit   +   (no helmet)
rElec    .         Reflect  .   t - +0 cloak
rCorr    .         Harm     .   (no gloves)
MR       .....                  (no boots)
Stlth    +.........             (no amulet)
HPRegen  0.49/turn              (no ring)
MPRegen  0.10/turn              (no ring)

@: no status effects
A: fangs 2, regeneration 1, magic shield, antimagic bite, no potion heal 3, rot
immunity
a: no special abilities


You were on level 3 of the Dungeon.
You were not hungry.

You visited 1 branch of the dungeon, and saw 3 of its levels.

You collected 172 gold pieces.

Inventory:

Hand Weapons
 a - a +0 hunting sling
 h - a +0 whip
 j - a +0 dagger (weapon)
Missiles
 d - 36 sling bullets
 k - 111 stones (quivered)
Armour
 e - a +0 robe (worn)
 t - a +0 cloak (worn)
Jewellery
 n - an uncursed ring of fire {unknown}
 r - an uncursed ring of protection from cold {unknown}
Scrolls
 i - a scroll of amnesia {unknown}
 o - a scroll of enchant weapon {unknown}
 p - a scroll of fear {unknown}
 q - 3 scrolls of fog {unknown}
 s - 2 scrolls of identify {unknown}
 v - a scroll of noise {unknown}
Potions
 b - a potion of heal wounds {unknown}
 g - a potion of haste {unknown}
 l - 2 potions of mutation {unknown}
 m - 2 potions of agility {unknown}
 u - a potion of lignification {unknown}
 w - a potion of invisibility {unknown}
 z - a potion of brilliance {unknown}
Books
 c - a book of Debilitation

   Spells                             Type                      Level
   a - Corona                         Hexes                        1
   b - Slow                           Hexes                        2
   c - Inner Flame                    Hexes/Fire                   3
   d - Portal Projectile              Hexes/Translocation          3
   e - Cause Fear                     Hexes                        4
   f - Leda's Liquefaction            Hexes/Earth                  4
Comestibles
 f - 3 rations
 x - a chunk of flesh


   Skills:
 + Level 2.7 Fighting
 * Level 2.9 Short Blades
 - Level 1.7 Slings
 + Level 2.9 Dodging
 - Level 1.1 Spellcasting
 - Level 3.0 Hexes


You had 5 spell levels left.
You knew the following spells:

 Your Spells              Type           Power        Failure   Level  Hunger
a - Corona                Hex            #......      9%          1    ##.....


Dungeon Overview and Level Annotations

Branches:
Dungeon (3/15)

Altars:
Wu Jian


Innate Abilities, Weirdness & Mutations

You have extremely sharp teeth.
Your natural rate of healing is unusually fast.
When hurt, damage is shared between your health and your magic reserves.
Your bite disrupts and absorbs the magic of your enemies.
Potions cannot restore your health.
You are immune to rotting.


Message History

The orc priest hits you with a hand axe.
You hit the orc priest but do no damage.
The orc priest is heavily wounded.
The orc priest calls down the wrath of Beogh upon you.
Beogh smites you!
You hear a shout!
You hit the orc priest but do no damage.
Your bite misses the orc priest.
The orc priest is heavily wounded.
You hit the orc priest but do no damage.
The orc priest is heavily wounded.
The orc wizard looks braver for a moment.
The orc priest hits you with a hand axe.
* * * LOW HITPOINT WARNING * * *
Unknown command.
You hit the orc priest but do no damage.
The orc priest is heavily wounded.
The orc priest invokes the aid of Beogh against you.
Beogh smites you!
You die...

#...# #...#
#################...#
[...............†....
#######............#....
'.....'............'....
#######............#....
#............#...#
#####@...........#...#
#.(oo#############...#
#.<.(# #...#
#.....(...o..# #...#
+..........((# #.
#....(........
###....#####o. #....# .
+.####


You could see an orc priest and an orc wizard.

Vanquished Creatures
  Crazy Yiuf (D:2)
  Jessica (D:3)
  A worker ant (D:3)
  A gnoll (D:1)
  3 adders
  2 oozes (D:1)
  2 worms
  2 dart slugs (D:1)
  The ghost of dscm the Digger, a weakling OpEE (D:3)
  3 leopard geckos
  An orc (D:2)
  3 giant cockroaches
  3 goblins
  4 hobgoblins
  6 jackals (D:2)
  14 kobolds
  2 quokkas (D:2)
  A ball python (D:1)
  2 bats (D:2)
  2 frilled lizards (D:2)
  6 rats
  2 fungi (D:2)
63 creatures vanquished.

Notes
Turn   | Place    | Note
-------+----------+-------------------------------------------
     0 | D:1      | HungrySpirit the Vine Stalker Arcane Marksman began the quest for the Orb.
     0 | D:1      | Reached XP level 1. HP: 9/9 MP: 3/3
    39 | D:1      | Reached skill level 1 in Fighting
   333 | D:1      | Reached XP level 2. HP: 15/15 MP: 4/4
   376 | D:1      | Reached XP level 3. HP: 13/18 MP: 5/5
   675 | D:1      | Reached skill level 1 in Short Blades
  1070 | D:2      | Found an ornate altar of the Wu Jian Council.
  1233 | D:2      | Gained mutation: Your natural rate of healing is unusually fast. [Vine Stalker growth]
  1233 | D:2      | Reached XP level 4. HP: 22/23 MP: 6/6
  1985 | D:2      | Found a runed door.
  1990 | D:2      | Noticed Crazy Yiuf
  1994 | D:2      | HP: 1/23 [Crazy Yiuf/quarterstaff of chaos (5)]
  2057 | D:2      | Killed Crazy Yiuf
  2057 | D:2      | Reached XP level 5. HP: 15/27 MP: 3/7
  2182 | D:3      | Noticed Jessica
  2186 | D:3      | Killed Jessica
  2373 | D:3      | Noticed dscm's ghost (weakling OpEE)
  2379 | D:3      | Killed dscm's ghost
  2474 | D:3      | Killed from afar by an orc priest

Skill      XL: |  1  2  3  4 |
---------------+-------------+-----
Fighting       | 1 2 |  2.7
Dodging        | 2 |  2.9
Short Blades   | 1 2 |  2.9
Slings         | |  1.7
Spellcasting   | |  1.1
Hexes          | |  3.0

Action                   |  1- 3 |  4- 6 || total
-------------------------+-------+-------++-------
Melee: Dagger            |       |    54 ||    54
       Bite              |       |    23 ||    23
 Fire: Hunting sling     |   100 |   109 ||   209
  Eat: Chunk             |       |     5 ||     5
Armor: Robe              |     2 |     2 ||     4
Dodge: Dodged            |    25 |    19 ||    44
